 Dungeon Crawl Stone Soup version 0.22.0-13-g43fe8f2 (webtiles) character file.

96 shmeve the Chopper (level 4, -1/41 HPs)
             Began as a Minotaur Berserker on Aug 16, 2018.
             Was a Believer of Trog.
             Slain by a sky beast (5 damage)
             ... on level 3 of the Dungeon.
             The game lasted 00:04:00 (1874 turns).

shmeve the Chopper (Minotaur Berserker)             Turns: 1874, Time: 00:04:01

Health: -1/41      AC: 10    Str: 22    XL:     4   Next: 41%
Magic:  3/3        EV:  8    Int:  2    God:    Trog [**....]
Gold:   127        SH:  0    Dex: 10    Spells: 3/3 levels left

rFire    . . .     SeeInvis .   a - +0 hand axe
rCold    . . .     Gourm    .   (no shield)
rNeg     + . .     Faith    .   b - +0 chain mail
rPois    .         Spirit   .   (helmet restricted)
rElec    .         Reflect  .   (no cloak)
rCorr    .         Harm     .   (no gloves)
MR       .....                  m - +0 pair of boots
Stlth    ..........             e - amulet of regeneration
HPRegen  0.53/turn              d - ring of positive energy
MPRegen  0.08/turn              p - -2 ring of intelligence (curse)

@: no status effects
A: retaliatory headbutt, horns 2
a: Berserk, Trog's Hand, Renounce Religion


You were on level 3 of the Dungeon.
You worshipped Trog.
Trog was pleased with you.
You were not hungry.

You visited 1 branch of the dungeon, and saw 3 of its levels.

You collected 127 gold pieces.

Inventory:

Hand Weapons
 a - a +0 hand axe (weapon)
Missiles
 f - 7 javelins (quivered)
Armour
 b - a +0 chain mail (worn)
 m - a +0 pair of boots (worn)
Jewellery
 d - a ring of positive energy (left hand)
 e - an amulet of regeneration (around neck)
 p - a cursed -2 ring of intelligence (right hand)
Scrolls
 j - a scroll of amnesia
 k - a scroll of identify
 l - a scroll of blinking
 o - a scroll of teleportation {unknown}
Potions
 g - 2 potions of curing
 h - a potion of mutation {unknown}
 n - a potion of invisibility {unknown}
 q - a potion of heal wounds {unknown}
 r - a potion of haste {unknown}
Comestibles
 c - 4 rations
 i - 6 chunks of flesh


   Skills:
 * Level 4.6 Fighting
 * Level 4.6 Axes
 + Level 1.1 Throwing
 + Level 3.1 Armour
 + Level 2.6 Dodging


You had 3 spell levels left.
You didn't know any spells.
Your spell library was empty.

Dungeon Overview and Level Annotations

Branches:
Dungeon (3/15)

Altars:
Hepliaklqana
Vehumet


Innate Abilities, Weirdness & Mutations

You reflexively headbutt those who attack you in melee.
You have a pair of horns on your head.


Message History

Something shocks you.
You miss something. Something hits you but does no damage.
You barely miss something. Something hits you. Something shocks you.
You closely miss something. You headbutt something. You hit the rat.
You kill the rat!
Trog accepts your kill. Something hits you but does no damage.
You miss something. Something hits you but does no damage.
Unknown command.
You closely miss something. Something hits you. Something shocks you.
* * * LOW HITPOINT WARNING * * *
Something hits you but does no damage.
You miss something. Something hits you.
* * * LOW HITPOINT WARNING * * *
Something shocks you.
* * * LOW HITPOINT WARNING * * *
You miss something. Your headbutt misses something. Something hits you.
* * * LOW HITPOINT WARNING * * *
Something shocks you.
You die...

.........#
#........# #.
#........# #.#
##........# ...#
........?# ...#
#........#
#..###.†{.....#
#...#.@......#
#####..#........# #
#.##.....#....#.#.##
### #.##.# #...####
.. ..###.##.# #.###
... #.......<###.#
.. .....##......# .
......[.######
..<.#.###


There were no monsters in sight!

Vanquished Creatures
  A hound zombie (D:2)
  2 adders (D:2)
  An ooze (D:3)
  An adder skeleton (D:2)
  A worm (D:2)
  A dart slug (D:1)
  A leopard gecko (D:1)
  4 bats
  3 giant cockroaches
  8 goblins
  7 hobgoblins
  7 kobolds
  2 quokkas (D:3)
  A ball python (D:1)
  3 frilled lizards
  9 rats
52 creatures vanquished.

Notes
Turn   | Place    | Note
-------+----------+-------------------------------------------
     0 | D:1      | shmeve the Minotaur Berserker began the quest for the Orb.
     0 | D:1      | Reached XP level 1. HP: 19/19 MP: 0/0
   209 | D:1      | Reached XP level 2. HP: 26/27 MP: 1/1
   869 | D:2      | Reached ** piety under Trog
   869 | D:2      | Reached XP level 3. HP: 33/33 MP: 2/2
  1024 | D:2      | Found a radiant altar of Vehumet.
  1231 | D:2      | Reached skill level 1 in Throwing
  1259 | D:2      | Found a hazy altar of Hepliaklqana.
  1262 | D:2      | Reached XP level 4. HP: 37/41 MP: 3/3
  1860 | D:3      | Noticed a sky beast
  1874 | D:3      | Slain by a sky beast

Skill      XL: |  1  2  3  4 |
---------------+-------------+-----
Axes           | 4 |  4.6
Fighting       | 4 |  4.6
Throwing       | 1 |  1.1
Armour         | 3 |  3.1
Dodging        | |  2.6

Action                   |  1- 3 |  4- 6 || total
-------------------------+-------+-------++-------
Melee: Hand axe          |    78 |    31 ||   109
       Headbutt          |    14 |     7 ||    21
  Use: Scroll            |       |     4 ||     4
 Stab: Sleeping          |     1 |       ||     1
  Eat: Chunk             |     1 |     2 ||     3
Armor: Animal skin       |    21 |     1 ||    22
       Scale mail        |       |     8 ||     8
       Chain mail        |       |     7 ||     7
Dodge: Dodged            |    68 |    17 ||    85
